 Dungeon Crawl Stone Soup version 0.30-a0-900-g23479c02f2 (webtiles) character file.

Game seed: 927374889453697222

524 jlumianski the Chopper (level 7, -6/54 HPs)
             Began as a Demonspawn Fighter on Mar 18, 2023.
             Killed from afar by a steam dragon (14 damage)
             ... with a ball of steam
             ... on level 4 of the Dungeon.
             The game lasted 00:09:16 (2790 turns).

jlumianski the Chopper (Demonspawn Fighter)         Turns: 2790, Time: 00:09:17

Health: -6/54      AC: 11    Str: 18    XL:     7   Next: 2%
Magic:  7/7        EV:  7    Int: 16    God:
Gold:   200        SH:  4    Dex: 12    Spells: 6/6 levels left

rFire   . . .      SeeInvis .    a - +0 war axe
rCold   . . .      Faith    .    c - +0 buckler
rNeg    . . .      Spirit   .    m - +0 chain mail
rPois   .          Reflect  .    (helmet restricted)
rElec   .          Rampage  .    (no cloak)
rCorr   .                        (no gloves)
Will    .....                    (no boots) Stlth
                                 (no amulet)
HPRegen 0.29/turn                x - +6 ring of intelligence
MPRegen 0.10/turn                (no ring)

@: no status effects
A: horns 1, molten scales 1, ignite blood 1, spiny 1
a: no special abilities


You were on level 4 of the Dungeon.
You visited 1 branch of the dungeon, and saw 5 of its levels.

You collected 200 gold pieces.

Inventory:

Hand Weapons
 a - a +0 war axe (weapon)
Missiles
 e - 18 stones
 i - 4 boomerangs
 s - 5 poisoned darts (quivered)
Armour
 b - a +0 scale mail
 c - a +0 buckler (worn)
 m - a +0 chain mail (worn)
 o - a +0 helmet
 z - a +0 pair of gloves
Jewellery
 x - a +6 ring of intelligence (left hand)
Wands
 p - a wand of flame (7)
Scrolls
 g - a scroll of blinking
 n - a scroll of fear
 r - a scroll of enchant weapon {unknown}
 v - a scroll of teleportation {unknown}
 y - a scroll of torment
 A - a scroll of noise {unknown}
Potions
 d - 2 potions of might
 f - a potion of flight
 h - 2 potions of brilliance
 j - 2 potions of haste
 l - a potion of magic
 q - a potion of cancellation
 t - a potion of invisibility
 u - a potion of degeneration
 w - a potion of curing


   Skills:
 + Level 4.0 Fighting
 + Level 4.5 Axes
 + Level 0.9 Throwing
 + Level 4.2 Armour
 + Level 1.0 Dodging
 + Level 0.3 Stealth
 + Level 3.5 Shields


You had 6 spell levels left.
You didn't know any spells.
Your spell library contained the following spells:

 Spells                   Type           Power      Damage    Failure   Level
 Freeze                   Ice            0%         1d3       99%         1
 Slow                     Hex            0%         N/A       99%         1
 Confusing Touch          Hex            0%         N/A       100%        3
 Frozen Ramparts          Ice            0%         1d1       100%        3
 Gell's Gravitas          Tloc           0%         N/A       100%        3
 Hailstorm                Conj/Ice       0%         3d3       100%        3
 Teleport Other           Tloc           0%         N/A       100%        3
 Vampiric Draining        Necr           0%         2d6       100%        3
 Dispersal                Tloc           0%         N/A       100%        6


Dungeon Overview and Level Annotations

Branches:
Dungeon (5/15)
 Temple: D:4-7

Altars:
Fedhas
Kikubaaqudgha
Wu Jian
Yredelemnul


Innate Abilities, Weirdness & Mutations

You have a pair of small horns on your head.
You are partially covered in molten scales. (AC +2)
Your demonic aura sometimes causes spilled blood to erupt in flames.
You are partially covered in sharp spines.


Message History

The steam dragon is struck by your spines.
The steam dragon bites you but does no damage.
The steam dragon claws you.
* * * LOW HITPOINT WARNING * * *
You barely miss the steam dragon. You headbutt the steam dragon.
The steam dragon is severely wounded.
The steam dragon bites you!
* * * LOW HITPOINT WARNING * * *
The steam dragon claws you but does no damage.
The steam dragon bites you but does no damage.
You block the steam dragon's attack.
You feel much better.
The steam dragon bites you but does no damage.
The steam dragon claws you.
You hit the steam dragon but do no damage.
The steam dragon is severely wounded.
The steam dragon bites you but does no damage.
You block the steam dragon's attack.
You closely miss the steam dragon.
The steam dragon is severely wounded.
The steam dragon breathes steam at you. The ball of steam hits you!
A kobold comes into view. It is wielding a +0 short sword.
The kobold shouts!
The steam dragon is struck by your spines.
The steam dragon bites you but does no damage.
The steam dragon claws you but does no damage.
You closely miss the steam dragon. Your headbutt misses the steam dragon.
The steam dragon is almost dead.
You are engulfed in a cloud of scalding steam.
* * * LOW HITPOINT WARNING * * *
You block the steam dragon's attack. The steam dragon closely misses you.
The steam dragon is struck by your spines.
The steam dragon closely misses you. You block the steam dragon's attack.
You barely miss the steam dragon. Your headbutt misses the steam dragon.
The steam dragon is almost dead.
You are engulfed in a cloud of scalding steam.
The steam dragon breathes steam at you. The ball of steam hits you!
You die...

#............#
#..........[.#
#............# .
#............# ..
#......)†....# ...
#............#### ....
..####....#####§##
..... ..
#....'...§§.#...... ..
#....#.....@DK.....
..'....#...§.§#......
#..#....#......#......
#..#....######## .....
#+ #..... ...## #.....
..# #.... ..# #....#


You could see a steam dragon (catching breath) and a kobold.

Vanquished Creatures
  An ogre (D:5)
  A phantom (D:4)
  2 scorpions (D:5)
  A hound (D:5)
  A jelly (D:3)
  An iguana (D:4)
  Natasha (thrice) (D:2)
  An adder (D:4)
  A white imp (D:5)
  2 worms
  2 dart slugs
  4 orcs
  5 ball pythons
  5 bats
  9 endoplasms
  3 goblins
  5 hobgoblins
  4 kobolds
  2 quokkas
  3 frilled lizards (D:1)
  2 rats
58 creatures vanquished.

Notes
Turn   | Place    | Note
-------+----------+-------------------------------------------
     0 | D:1      | jlumianski the Demonspawn Fighter began the quest for the
                  | Orb.
     0 | D:1      | Reached XP level 1. HP: 18/18 MP: 1/1
   229 | D:1      | Gained mutation: Your demonic aura sometimes causes spilled
                  | blood to erupt in flames. [demonic ancestry]
   229 | D:1      | Reached XP level 2. HP: 24/24 MP: 2/2
   532 | D:1      | Gained mutation: You are partially covered in sharp spines.
                  | [demonic ancestry]
   532 | D:1      | Reached XP level 3. HP: 29/29 MP: 3/3
   887 | D:2      | Found a basalt altar of Yredelemnul.
   888 | D:2      | Noticed Natasha
   896 | D:2      | Killed Natasha
   913 | D:2      | Noticed Natasha
   920 | D:2      | Killed Natasha
   921 | D:2      | Reached XP level 4. HP: 14/35 MP: 4/4
  1012 | D:2      | Noticed Natasha
  1016 | D:2      | Killed Natasha
  1548 | D:3      | Reached XP level 5. HP: 29/41 MP: 5/5
  1665 | D:4      | Found an ornate altar of the Wu Jian Council.
  1892 | D:3      | Found an ancient bone altar of Kikubaaqudgha.
  2229 | D:5      | Entered Level 5 of the Dungeon
  2242 | D:5      | Noticed an ogre
  2255 | D:5      | Killed an ogre
  2256 | D:5      | Gained mutation: You have a pair of small horns on your
                  | head. [demonic ancestry]
  2256 | D:5      | Reached XP level 6. HP: 48/48 MP: 6/6
  2345 | D:5      | Found a blossoming altar of Fedhas.
  2360 | D:5      | Reached skill level 1 in Dodging
  2746 | D:4      | Gained mutation: You are partially covered in molten
                  | scales. (AC +2) [demonic ancestry]
  2746 | D:4      | Reached XP level 7. HP: 47/54 MP: 7/7
  2777 | D:4      | Noticed a steam dragon
  2790 | D:4      | Killed from afar by a steam dragon

Illustrated notes

Levels and vault maps discovered:
D:1:      dpeg_arrival_rooms_b, layout_loops_cross
D:2:      layout_rooms, basic_altar, uniq_natasha
D:3:      layout_basic, kiku_gazebo_garden_becter
D:4:      layout_gridville, general_overflow_altar
D:5:      layout_loops_corners, fedhas_bush_and_centaur_altar,
          grunt_decor_arrowhead

Skill      XL: |  1  2  3  4  5  6 |
---------------+-------------------+-----
Shields        | 3 |  3.5
Axes           | 2 3 4 |  4.5
Armour         | 3 4 |  4.2
Dodging        | 1 |  1.0
Fighting       | 4 |  4.0
Throwing       | |  0.9
Stealth        | |  0.3

Action                     |  1- 3 |  4- 6 |  7- 9 || total
---------------------------+-------+-------+-------++-------
  Melee: War axe           |    57 |    65 |    13 ||   135
         Headbutt          |       |     6 |     1 ||     7
  Throw: Stone             |       |     5 |       ||     5
         Dart              |       |     5 |       ||     5
    Use: Potion            |       |     6 |     1 ||     7
         Scroll            |       |     6 |       ||     6
 Armour: Scale mail        |    21 |       |       ||    21
         Chain mail        |     5 |    33 |    11 ||    49
  Dodge: Dodged            |    27 |    16 |     7 ||    50
  Block: Buckler           |    13 |     8 |     6 ||    27

Table legend: (Time is in decaauts)
 A = Elapsed time spent in this place.
 B = Non-inter-level travel time spent in this place.
 C = Inter-level travel time spent in this place.
 D = Time resting spent in this place.
 E = Time spent auto-exploring this place.
 F = Levels seen in this place.
 G = Mean time per level.
                   A        B        C        D        E       F      G
               +--------+--------+--------+--------+--------+-----+--------+
         Total |   2827 |   2740 |     87 |     86 |   1580 |   5 |  565.4 |
       Dungeon |   2827 |   2740 |     87 |     86 |   1580 |   5 |  565.4 |
               +--------+--------+--------+--------+--------+-----+--------+

Top non-repeatable levels by time:
     D:1: 836 daAuts
     D:3: 721 daAuts
     D:2: 614 daAuts
     D:4: 358 daAuts
     D:5: 295 daAuts
